Map: Deathaura LE

Players

Tefloon - Winner!

  • Race: Zerg Zerg
  • Spawn Location: 11:00

A.I. 1 (Very Hard)

  • Race: Protoss Protoss
  • Spawn Location: 5:00

VOD

Have the link to the VOD?

Description

9:00 Roach/Hyda +2/+1 timing

Time

  • Played on: July 19, 2020, 9:39 a.m.
  • Length: 12:22
Show
View Real Time Build Order
Export as new Build Order

Tefloon Zerg - Winner!

Build Orders: Hatch First, Roach Hydra 

Get SALT Encoding   

  12  0:01  Drone  
  13  0:12  Overlord  
  13  0:17  Drone  
  14  0:31  Drone x2  
  14  0:35  Drone  
  17  0:53  Hatchery  
  17  0:55  Drone  
  17  0:59  Extractor  
  17  1:01  Drone  
  17  1:17  Spawning Pool  
  16  1:18  Drone  
  16  1:25  Drone  
  18  1:28  Drone  
  19  1:39  Overlord  
  19  1:49  Drone  
  20  2:01  Overlord  
  20  2:04  Queen  
  20  2:05  Queen  
  24  2:08  Zergling x2  
  24  2:12  Zergling x2  
  26  2:17  Drone  
  26  2:21  Metabolic Boost  
  27  2:29  Drone x2  
  29  2:37  Drone  
  30  2:42  Queen  
  32  2:47  Queen  
  32  2:50  Drone  
  35  3:06  Hatchery  
  35  3:07  Drone  
  35  3:08  Drone  
  36  3:15  Drone x3  
  36  3:19  Drone x2  
  41  3:27  Drone x3  
  41  3:31  Overlord  
  44  3:35  Overlord  
  44  3:49  Extractor  
  44  3:55  Spore Crawler  
  42  3:57  Lair, Spore Crawler  
  41  4:04  Roach Warren  
  41  4:05  Drone x4  
  41  4:06  Evolution Chamber, Drone  
  41  4:07  Drone  
  45  4:13  Drone x3  
  45  4:16  Drone  
  49  4:17  Drone  
  49  4:19  Drone  
  49  4:23  Extractor, Drone  
  51  4:25  Extractor  
  50  4:32  Drone x4  
  50  4:36  Zerg Missile Weapons Level 1  
  54  4:55  Drone  
  54  4:58  Drone x8  
  63  5:02  Glial Reconstitution  
  63  5:07  Roach  
  63  5:11  Drone  
  63  5:12  Overlord  
  66  5:24  Overlord x3  
  66  5:45  Roach x6  
  66  5:46  Roach x3  
  84  5:51  Overseer  
  84  5:53  Drone x3  
  87  6:00  Hydralisk Den  
  86  6:08  Evolution Chamber  
  86  6:09  Drone  
  86  6:10  Drone x8  
  94  6:16  Extractor  
  94  6:17  Extractor  
  92  6:24  Roach x3  
  98  6:25  Overlord x2  
  98  6:26  Overlord  
  98  6:36  Overlord x3  
  98  6:40  Muscular Augments  
  98  6:45  Hatchery  
  97  6:52  Hydralisk x10  
  116  7:02  Overlord x2  
  116  7:03  Overlord, Hydralisk x2  
  116  7:04  Hydralisk  
  122  7:16  Drone  
  122  7:17  Hydralisk x5  
  122  7:21  Roach  
  122  7:22  Overlord  
  135  7:40  Hydralisk x5  
  135  7:42  Roach x4  
  153  7:48  Zerg Missile Weapons Level 2  
  153  7:52  Grooved Spines  
  153  7:55  Zerg Ground Armor Level 1  
  153  7:58  Overlord x2  
  153  7:59  Overlord  
  153  8:01  Hydralisk x2  
  157  8:07  Hydralisk x2  
  157  8:09  Roach, Zergling x2  
  164  8:21  Roach x6  
  164  8:22  Hydralisk  
  178  8:35  Hydralisk x4  
  178  8:37  Roach x2  
  178  8:39  Overlord  
  190  8:54  Overlord  
  190  8:55  Overlord  
  190  8:57  Roach x4  
  190  8:59  Drone  
  199  9:40  Infestation Pit  
  199  9:41  Spire  
  197  9:46  Drone x2  
  199  9:59  Hydralisk x5  
  160  10:14  Hydralisk x3  
  160  10:15  Hydralisk x16  
  194  10:23  Hydralisk  
  192  10:30  Roach x4  
  192  10:34  Overseer  
  192  10:35  Overseer  
  200  10:42  Hive  
  199  11:06  Hydralisk x2  
  199  11:10  Hydralisk x4  
  199  11:11  Hydralisk x4  
  163  11:32  Extractor x2  
  155  11:52  Hydralisk x14  
Show
View Real Time Build Order
Export as new Build Order

A.I. 1 (Very Hard) Protoss 

Build Orders: 1 Gate Expand, Zealot Archon 

Get SALT Encoding   

  12  0:00  Probe  
  13  0:13  Probe  
  14  0:20  Pylon  
  14  0:25  Probe  
  15  0:34  Probe  
  15  0:42  Probe  
  16  0:47  Assimilator  
  17  0:50  Gateway  
  17  0:52  Probe  
  18  1:00  Probe, Pylon  
  19  1:08  Probe  
  20  1:18  Probe  
  21  1:30  Probe  
  22  1:37  Nexus  
  22  1:42  Probe  
  22  1:45  Zealot  
  25  1:59  Cybernetics Core  
  25  2:09  Gateway  
  25  2:15  Zealot, Pylon  
  25  2:22  Probe  
  28  2:34  Assimilator, Probe  
  28  2:35  Warp Gate  
  29  2:42  Adept  
  29  2:43  Probe  
  31  2:51  Probe, Adept  
  33  2:57  Probe  
  35  2:59  Pylon  
  36  3:12  Probe, Adept  
  39  3:16  Sentry  
  39  3:20  Probe  
  39  3:24  Probe  
  43  3:32  Probe  
  44  3:35  Robotics Facility, Stalker  
  44  3:36  Probe  
  45  3:42  Adept  
  45  3:44  Probe  
  51  3:48  Probe  
  51  3:56  Probe, Adept  
  51  4:00  Probe, Pylon  
  53  4:08  Probe  
  56  4:12  Probe  
  57  4:20  Probe  
  57  4:23  Immortal, Stalker  
  57  4:24  Probe, Pylon  
  65  4:32  Probe  
  65  4:34  Stalker  
  65  4:36  Probe  
  69  4:38  Robotics Facility  
  69  4:45  Probe  
  70  4:47  Stalker  
  70  4:50  Probe  
  73  4:55  Immortal  
  73  4:57  Probe  
  74  5:01  Pylon  
  74  5:05  Pylon  
  78  5:19  Probe x2, Stalker x2  
  84  5:24  Assimilator  
  84  5:29  Twilight Council  
  84  5:32  Gateway  
  84  5:34  Pylon  
  84  5:37  Assimilator  
  84  5:46  Probe  
  84  5:49  Zealot  
  87  5:59  Probe  
  87  6:00  Probe  
  87  6:03  Pylon  
  89  6:09  Dark Shrine  
  89  6:12  Probe  
  89  6:14  Stalker  
  89  6:18  Stalker, Pylon  
  92  6:20  Pylon  
  94  6:28  Sentry  
  96  6:34  Stalker  
  96  6:37  Stalker  
  100  6:47  Gateway  
  100  6:51  Stalker  
  102  7:00  Stalker  
  104  7:03  Nexus, Sentry  
  104  7:06  Forge  
  106  7:16  Zealot  
  106  7:17  Observer  
  106  7:20  Forge  
  109  7:24  Dark Templar  
  109  7:26  Dark Templar  
  109  7:27  Pylon  
  109  7:29  Protoss Ground Armor Level 1  
  113  7:32  Warp Prism  
  115  7:43  Warp Prism  
  115  7:47  Photon Cannon  
  115  7:50  Stalker  
  119  7:52  Archon, Protoss Ground Weapons Level 1, Dark Templar  
  119  7:53  Gateway  
  119  7:56  Pylon  
  121  7:59  Immortal  
  121  8:00  Photon Cannon  
  121  8:05  Photon Cannon  
  125  8:15  Probe x3, Dark Templar  
  125  8:19  Archon  
  130  8:20  Zealot  
  130  8:22  Zealot  
  130  8:27  Probe x2, Dark Templar  
  135  8:28  Assimilator  
  135  8:30  Probe, Pylon  
  138  8:39  Probe x2, Dark Templar  
  142  8:43  Archon, Probe  
  143  8:49  Assimilator  
  143  8:51  Probe  
  143  8:52  Photon Cannon, Dark Templar  
  143  8:54  Probe, Pylon  
  147  8:55  Probe  
  147  9:01  Dark Templar  
  147  9:02  Zealot, Pylon  
  150  9:03  Probe  
  150  9:06  Archon, Probe  
  150  9:09  Probe  
  155  9:10  Dark Templar  
  155  9:15  Probe  
  158  9:18  Probe  
  158  9:19  Dark Templar  
  158  9:21  Probe  
  158  9:22  Observer  
  158  9:24  Observer, Pylon  
  163  9:26  Zealot  
  163  9:27  Photon Cannon  
  163  9:28  Probe  
  163  9:30  Zealot, Archon  
  168  9:34  Zealot  
  170  9:43  Zealot, Photon Cannon  
  172  9:46  Zealot x2  
  172  9:49  Pylon  
  172  9:51  Zealot  
  178  9:54  Zealot  
  162  10:03  Dark Templar  
  162  10:06  Zealot  
  152  10:07  Zealot  
  152  10:11  Probe  
  152  10:12  Dark Templar  
  139  10:14  Zealot  
  139  10:23  Zealot, Archon  
  139  10:26  Zealot  
  143  10:30  Zealot  
  145  10:35  Zealot  
  145  10:37  Zealot  
  145  10:41  Zealot  
  151  10:44  Zealot  
  151  10:45  Pylon  
  151  10:46  Dark Templar  
  151  10:49  Immortal  
  159  10:54  Dark Templar  
  159  10:55  Zealot  
  163  10:57  Zealot  
  163  11:00  Probe x2  
  163  11:02  Probe  
  154  11:04  Zealot  
  118  11:12  Probe  
  118  11:16  Sentry  
  118  11:17  Sentry  
  118  11:18  Zealot  
  96  11:19  Probe  
  96  11:24  Zealot  
  75  11:26  Dark Templar  
  75  11:31  Dark Templar  
  64  11:39  Dark Templar  
  57  11:40  Adept  
  57  11:44  Dark Templar  
  35  11:59  Dark Templar  
  35  12:01  Stalker  
  25  12:11  Dark Templar  
  21  12:17  Zealot  
Tags
 
Add a new tag
Caveats
  • Supply blocks, unpowered buildings, or Contaminate may cause inaccurate times.
  • Supply counts are checked every 10 seconds.